 Dungeon Crawl Stone Soup version 0.28-a0-1233-g92def6ad0a (webtiles) character file.

Game seed: 17367231987167186119

53 Lavandula the Changer (level 4, -3/32 HPs)
             Began as a Formicid Transmuter on Dec 23, 2021.
             Killed by divine providence
             ... invoked by an orc priest
              (14 damage)
             ... on level 4 of the Dungeon.
             The game lasted 00:03:02 (2199 turns).

Lavandula the Changer (Formicid Transmuter)         Turns: 2199, Time: 00:03:03

Health: -3/32      AC:  2    Str: 16    XL:     4   Next: 11%
Magic:  2/7        EV: 12    Int: 13    God:
Gold:   65         SH:  0    Dex: 11    Spells: 1/7 levels left

rFire   . . .      SeeInvis +     - Unarmed
rCold   . . .      Faith    .   (no shield)
rNeg    . . .      Spirit   .   a - +0 robe
rPois   .          Reflect  .   (helmet unavailable)
rElec   .          Harm     .   (no cloak)
rCorr   .          Rampage  .   (no gloves)
Will    .....                   (boots currently unavailable)
Stlth   +.........              (no amulet)
HPRegen 0.10/turn               (no ring)
MPRegen 0.10/turn               (no ring)

@: appendages, very slightly contaminated
A: talons 2, permanent stasis, dig shafts and tunnels, antennae 3, four strong
arms
a: Dig, Shaft Self, End Transformation


You were on level 4 of the Dungeon.
You had temporarily grown beastly talons.
You visited 1 branch of the dungeon, and saw 3 of its levels.

You collected 65 gold pieces.

Inventory:

Missiles
 f - 34 poisoned darts (quivered)
Armour
 a - a +0 robe (worn)
Scrolls
 c - a scroll of enchant weapon {unknown}
 d - a scroll of fog {unknown}
Potions
 b - a potion of curing {unknown}
 e - a potion of resistance {unknown}
 g - a potion of attraction {unknown}
 h - a potion of mutation {unknown}


   Skills:
 - Level 1.1 Fighting
 - Level 1.7 Dodging
 - Level 3.5 Unarmed Combat
 - Level 2.1 Spellcasting
 - Level 3.9 Transmutations
 + Level 0.6 Poison Magic


You had one spell level left.
You knew the following spells:

 Your Spells              Type           Power      Damage    Failure   Level
a - Beastly Appendage     Tmut           22%        N/A       4%          1
b - Wereblood             Tmut           11%        N/A       8%          2
c - Spider Form           Tmut/Pois      7%         N/A       28%         3

Your spell library contained the following spells:

 Spells                   Type           Power      Damage    Failure   Level
 Call Canine Familiar     Summ           1%         N/A       58%         3
 Portal Projectile        Hex/Tloc       2%         N/A       58%         3
 Ice Form                 Ice/Tmut       6%         N/A       73%         4
 Leda's Liquefaction      Hex/Erth       0%         N/A       94%         4


Dungeon Overview and Level Annotations

Branches:
Dungeon (2/15)

Altars:
The Shining One


Innate Abilities, Weirdness & Mutations

You have temporarily grown beastly talons.
You cannot be hasted, slowed, berserked, paralysed or teleported.
You can dig through walls and to a lower floor.
You have a pair of large antennae on your head. (SInv)
Your four strong arms can wield two-handed weapons with a shield.


Message History

You hit the orc.
The orc is poisoned.
The orc is moderately wounded.
You hit the orc.
You kill the orc!
The orc completely misses you.
You hit the orc but do no damage.
The orc is poisoned.
The orc barely misses you.
You hit the orc.
The orc looks as sick as possible!
The orc is heavily wounded.
You kill the orc!
Your transformation has ended.
Your +0 robe unmelds from your body.
You see here a +0 falchion.
Found a ring mail.
The orc priest hits you with a +0 whip.
You completely miss the orc priest. The orc priest hits you with a +0 whip.
Casting: Spider Form (quite dangerous; 28% risk of failure)
Confirm with . or Enter, or press ? or * to list all spells.
The spell is quite dangerous to miscast (28% risk of failure)!
Continue anyway?
You miscast Spider Form.
You are very lightly contaminated with residual magic.
Nothing appears to happen.
The orc priest mumbles some strange prayers to Beogh against you.
Pain shoots through your body!
You hit the orc priest.
The orc priest is moderately wounded.
The orc priest closely misses you.
Unknown command.
You barely miss the orc priest.
The orc priest is moderately wounded.
The orc priest barely misses you.
Unknown command.
Casting: Spider Form (quite dangerous; 28% risk of failure)
Confirm with . or Enter, or press ? or * to list all spells.
Your feet morph into talons.
The orc priest hits you with a +0 whip.
Okay, then.
You closely miss the orc priest.
The orc priest is moderately wounded.
The orc priest invokes the aid of Beogh against you.
Beogh smites you!
You die...

####### ...[....#
#####......
........######......####
........#....#..........
..$.....#.##.#.......###
........#.##.#####'#.# #
........#.##.......#.# #
.......o#.#..........# #
.......@#.#......#####
........))#.####.#######
##+#############.##.....
........##.####
#######'##.##..
#........##.#
#.......(##.#
#........#...
#........#..#


You could see an orc priest.

Vanquished Creatures
  An adder (D:2)
  A gnoll (D:2)
  2 dart slugs
  2 orcs (D:4)
  3 ball pythons (D:1)
  An endoplasm (D:2)
  A giant cockroach (D:2)
  4 goblins (D:1)
  7 jackals
  A quokka (D:1)
  A frilled lizard (D:1)
  A kobold (D:1)
25 creatures vanquished.

Vanquished Creatures (others)
  2 plants (D:2)
2 creatures vanquished.

Grand Total: 27 creatures vanquished

Notes
Turn   | Place    | Note
-------+----------+-------------------------------------------
     0 | D:1      | Lavandula the Formicid Transmuter began the quest for the
                  | Orb.
     0 | D:1      | Reached XP level 1. HP: 15/15 MP: 3/3
   274 | D:1      | Reached XP level 2. HP: 9/21 MP: 3/5
   277 | D:1      | Learned a level 2 spell: Wereblood
  1183 | D:1      | Reached XP level 3. HP: 25/26 MP: 4/6
  1187 | D:1      | Learned a level 3 spell: Spider Form
  1583 | D:2      | Found a glowing golden altar of the Shining One.
  1720 | D:2      | You fall into a shaft and drop 2 floors!
  2023 | D:4      | Reached XP level 4. HP: 30/32 MP: 3/7
  2199 | D:4      | Killed from afar by an orc priest

Illustrated notes

Levels and vault maps discovered:
D:1:      ncdulo_watergridlock, layout_rooms, serial_co_window_serial,
          co_window_of_opportunity_a, co_window_paths_a, co_window_cross_1,
          co_window_of_opportunity_a, co_window_paths_b,
          co_window_unsneaky_path_e, co_window_of_opportunity_b,
          co_window_corner_cb, co_window_corner_b
D:2:      cheibrodos_old_hovel, layout_loops_ring, ebering_ecumenical_altar_box,
          basic_altar
D:4:      layout_basic

Skill      XL: |  1  2 |
---------------+-------+-----
Transmutations | 3 |  3.9
Fighting       | |  1.1
Dodging        | |  1.7
Unarmed Combat | |  3.5
Spellcasting   | |  2.1
Poison Magic   | |  0.6

Action                   |  1- 3 |  4- 6 || total
-------------------------+-------+-------++-------
Melee: Unarmed           |    71 |    13 ||    84
       Kick              |     6 |       ||     6
       Punch             |     1 |       ||     1
Throw: Dart              |     5 |       ||     5
 Cast: Beastly Appendage |    11 |     1 ||    12
       Wereblood         |     1 |       ||     1
       Spider Form       |     3 |     1 ||     4
 Abil: Shaft Self        |     1 |       ||     1
Armor: Robe              |    10 |       ||    10
Dodge: Dodged            |    57 |     7 ||    64

Table legend: (Time is in decaauts)
 A = Elapsed time spent in this place.
 B = Non-inter-level travel time spent in this place.
 C = Inter-level travel time spent in this place.
 D = Time resting spent in this place.
 E = Time spent auto-exploring this place.
 F = Levels seen in this place.
 G = Mean time per level.
                   A        B        C        D        E       F      G
               +--------+--------+--------+--------+--------+-----+--------+
         Total |   2196 |   2131 |     65 |    276 |   1524 |   3 |  732.0 |
       Dungeon |   2196 |   2131 |     65 |    276 |   1524 |   3 |  732.0 |
               +--------+--------+--------+--------+--------+-----+--------+

Top non-repeatable levels by time:
     D:1: 1528 daAuts
     D:4: 477 daAuts
     D:2: 190 daAuts
